 Dungeon Sprint DCSS version 0.31.0-12-g77e489cdc1 (webtiles) character file.

Game seed: 4635725172497600311

14113 Heoruswealwe the Phalangite (level 11, -11/119 HPs)
             Began as a Minotaur Fighter on Mar 4, 2024.
             Was an Initiate of Gozag.
             Mangled by an orc knight
             ... wielding a +0 great sword
              (27 damage)
             ... in the Dungeon (Sprint IX: "|||||||||||||||||||||||||||||").
             The game lasted 00:15:13 (1859 turns).

Heoruswealwe the Phalangite (Minotaur Fighter)      Turns: 1859, Time: 00:15:14

Health: -11/119    AC: 29    Str: 25    XL:     11   Next: 84%
Magic:  10/10      EV:  8    Int:  5    God:    Gozag
Gold:   6896       SH:  0    Dex: 10    Spells: 10/10 levels left

rFire   . . .        b - +2 halberd (protect)
rCold   . . .        (shield currently unavailable)
rNeg    . . .        c - +0 plate armour
rPois   .            (helmet restricted)
rElec   .            (no cloak)
rCorr   .            (no gloves)
SInv    .            e - +0 pair of boots
Will    .....        (no amulet) Stlth
                     k - +2 ring of protection
HPRegen 0.39/turn    (no ring)
MPRegen 0.12/turn

%: no teleportation
@: gold aura, under a protective aura
A: horns 2, retaliatory headbutt
a: Renounce Religion, Potion Petition, Call Merchant, Bribe Branch


You were in the Dungeon.
You worshipped Gozag.
Gozag was greatly pleased with you.
You visited 1 branch You collected 6896 gold pieces.

Inventory:

Hand Weapons
 a - a +0 trident
 b - a +2 halberd of protection (weapon)
Armour
 c - a +0 plate armour (worn)
 d - a +0 buckler
 e - a +0 pair of boots (worn)
Jewellery
 k - a +2 ring of protection (left hand)
Wands
 h - a wand of roots (10)
Scrolls
 j - a scroll of blinking
 n - 2 scrolls of identify
 o - 2 scrolls of enchant armour
 p - a scroll of acquirement
Potions
 g - a potion of haste
 i - 2 potions of berserk rage
 m - a potion of might


   Skills:
 + Level 18.2 Fighting
 * Level 24.4 Polearms
 + Level 18.2 Armour
 - Level 3.6 Shields


You had 10 spell levels left.
You didn't know any spells.
Your spell library was empty.

Dungeon Overview and Level Annotations

Branches:
Dungeon (1/1)

Altars:
Cheibriados
Dithmenos
Elyvilon
Fedhas
Gozag
Hepliaklqana
Kikubaaqudgha
Makhleb
Nemelex Xobeh
Okawaru
Qazlal
Ru
Sif Muna
Trog
Uskayaw
Vehumet
Wu Jian
Xom
Yredelemnul
Zin
The Shining One
Jiyva
Lugonu

Shops:
D :[*(


Innate Abilities, Weirdness & Mutations

You have a pair of horns on your head.
You reflexively headbutt those who attack you in melee.


Message History

The orc knight is almost dead.
The orc knight completely misses you.
You hit the orc knight but do no damage.
The orc knight is almost dead.
You slice the orc knight!!
You kill the orc knight!
You closely miss the orc knight.
The orc knight hits you with a +0 war axe!
* * * LOW HITPOINT WARNING * * *
You slash the orc knight!
You headbutt the orc knight, but do no damage.
The orc knight is lightly wounded.
You slice the orc knight!! Your headbutt misses the orc knight.
The orc knight is heavily wounded.
The orc knight no longer looks unusually strong.
The orc knight barely misses you.
The orc knight roars a battlecry!
The orcs go into a battle-frenzy!
You impale the orc knight!!
The orc knight is almost dead.
The orc knight barely misses you.
You hit the orc knight but do no damage.
The orc knight is almost dead.
The orc knight hits you but does no damage.
You completely miss the orc knight.
The orc knight is almost dead.
You slash the orc knight!
You kill the orc knight!
You slash the orc knight! Your headbutt misses the orc knight.
The orc knight is lightly wounded.
The orc knight is distracted by your dazzling golden aura.
The orc knight shouts!
You slice the orc knight!!
The orc knight is no longer distracted by gold.
The orc knight is heavily wounded.
You impale the orc knight!!
The orc knight is almost dead.
The orc knight hits you with a +0 great sword!!
You die...
Your body crumbles into a pile of gold.

▓▓▓▓▓▓▓▓▓▓▓▓▓▓▓▓▓▓▓▓▓▓▓▓▓▓▓▓▓▓▓▓▓
...........')...@oo.....$o.o.o∩.∩
▓▓▓▓▓▓▓▓▓▓▓▓▓▓▓▓▓▓▓▓▓▓▓▓▓▓▓▓▓▓▓▓▓
)....(..........)....=...........
▓▓▓▓▓▓▓▓▓▓▓▓▓▓▓▓▓▓▓▓▓▓▓▓▓▓▓▓▓▓▓▓▓
?....'.........'.........'...!...
▓▓▓▓▓▓▓▓▓▓▓▓▓▓▓▓▓▓▓▓▓▓▓▓▓▓▓▓▓▓▓▓▓
.................................
▓▓▓▓▓▓▓▓▓▓▓▓▓▓▓▓▓▓▓▓▓▓▓▓▓▓▓▓▓▓▓▓▓
'________________________'!?)[[=.


You could see an orc knight (strong) and an orc warrior (strong).

Vanquished Creatures
  Harold (D)
  Erolcha (D)
  A boulder beetle (D)
  Erica (D)
  9 orc knights (D)
  An ugly thing (D)
  A manticore (D)
  A torpor snail (D)
  A black mamba (D)
  2 komodo dragons (D)
  A cane toad (D)
  A rime drake (D)
  2 tyrant leeches (D)
  3 blink frogs (D)
  A slime creature (D)
  A shadow (D)
  2 wyverns (D)
  A vampire (D)
  A wraith (D)
  3 yaks (D)
  4 vampire mosquitoes (D)
  An acid dragon (D)
  3 water moccasins (D)
  14 orc warriors (D)
  An ice beast (D)
  A centaur (D)
  A wolf (D)
  3 bullfrogs (D)
  A scorpion (D)
  A howler monkey (D)
  4 orc priests (D)
  2 iguanas (D)
  7 orc wizards (D)
  4 orcs (D)
  2 bats (D)
  An endoplasm (D)
  A kobold (D)
  A rat (D)
87 creatures vanquished.

Notes
Turn   | Place    | Note
-------+----------+-------------------------------------------
     0 | D        | Heoruswealwe the Minotaur Fighter began the quest for the
                  | Orb.
     0 | D        | Reached XP level 1. HP: 19/19 MP: 0/0
     5 | D        | Reached skill level 3 in Polearms
    29 | D        | Noticed an ice beast
    29 | D        | Noticed an iguana
    29 | D        | Noticed a scorpion
    29 | D        | Noticed an iguana
    35 | D        | Killed an ice beast
    36 | D        | Reached skill level 7 in Polearms
    36 | D        | Reached XP level 2. HP: 31/31 MP: 1/1
    36 | D        | Reached XP level 3. HP: 38/38 MP: 2/2
    36 | D        | Reached XP level 4. HP: 45/45 MP: 3/3
    39 | D        | Reached skill level 8 in Polearms
    46 | D        | Killed a scorpion
    47 | D        | Reached skill level 9 in Polearms
    47 | D        | Reached XP level 5. HP: 48/52 MP: 4/4
    52 | D        | Reached skill level 10 in Polearms
    57 | D        | Found a snail-covered altar of Cheibriados.
    57 | D        | Found a shadowy altar of Dithmenos.
    57 | D        | Found a white marble altar of Elyvilon.
    57 | D        | Found a blossoming altar of Fedhas.
    57 | D        | Found an opulent altar of Gozag.
    58 | D        | Found a hazy altar of Hepliaklqana.
    59 | D        | Found a viscous altar of Jiyva.
    60 | D        | Found an ancient bone altar of Kikubaaqudgha.
    61 | D        | Found a corrupted altar of Lugonu.
    62 | D        | Found a burning altar of Makhleb.
    63 | D        | Found a sparkling altar of Nemelex Xobeh.
    64 | D        | Found an iron altar of Okawaru.
    65 | D        | Became a worshipper of Gozag Ym Sagoz the Greedy
    66 | D        | Found a stormy altar of Qazlal.
    67 | D        | Found a sacrificial altar of Ru.
    68 | D        | Found a shimmering blue altar of Sif Muna.
    69 | D        | Found a bloodstained altar of Trog.
    70 | D        | Found a hide-covered altar of Uskayaw.
    71 | D        | Found a radiant altar of Vehumet.
    72 | D        | Found an ornate altar of the Wu Jian Council.
    73 | D        | Found a shimmering altar of Xom.
    74 | D        | Found a basalt altar of Yredelemnul.
    75 | D        | Found a glowing silver altar of Zin.
    76 | D        | Found a glowing golden altar of the Shining One.
   131 | D        | Noticed a vampire
   131 | D        | Noticed a wraith
   131 | D        | Noticed a centaur
   131 | D        | Noticed an orc warrior
   131 | D        | Noticed a wyvern
   131 | D        | Noticed an acid dragon
   143 | D        | Killed a vampire
   144 | D        | Reached skill level 11 in Polearms
   144 | D        | Reached XP level 6. HP: 39/62 MP: 5/5
   145 | D        | Killed a wraith
   146 | D        | Reached skill level 12 in Polearms
   151 | D        | Reached skill level 13 in Polearms
   151 | D        | Reached XP level 7. HP: 43/71 MP: 6/6
   160 | D        | Reached skill level 10 in Fighting
   160 | D        | Reached skill level 10 in Armour
   162 | D        | Killed a wyvern
   163 | D        | Reached skill level 14 in Polearms
   313 | D        | Noticed a boulder beetle
   313 | D        | Noticed a manticore
   313 | D        | Noticed a purple ugly thing
   313 | D        | Noticed a slime creature
   313 | D        | Noticed a shadow
   329 | D        | Killed a boulder beetle
   330 | D        | Reached skill level 16 in Polearms
   330 | D        | Reached XP level 8. HP: 68/83 MP: 7/7
   361 | D        | Killed a purple ugly thing
   366 | D        | Killed a manticore
   367 | D        | Reached skill level 17 in Polearms
   367 | D        | Reached XP level 9. HP: 81/93 MP: 8/8
   517 | D        | Noticed a komodo dragon
   517 | D        | Noticed a black mamba
   522 | D        | Reached skill level 18 in Polearms
   539 | D        | Killed a komodo dragon
   542 | D        | Killed a black mamba
   543 | D        | Reached skill level 19 in Polearms
   560 | D        | Reached XP level 10. HP: 97/104 MP: 9/9
   577 | D        | Noticed a cane toad
   577 | D        | Noticed a torpor snail
   584 | D        | Killed a cane toad
   591 | D        | Reached skill level 20 in Polearms
   601 | D        | Killed a torpor snail
   602 | D        | Reached skill level 15 in Fighting
   602 | D        | Reached skill level 15 in Armour
   710 | D        | Reached skill level 21 in Polearms
   907 | D        | Noticed Erica
   919 | D        | Killed Erica
   922 | D        | Noticed Erolcha
   933 | D        | Killed Erolcha
   934 | D        | Reached skill level 22 in Polearms
   934 | D        | Reached XP level 11. HP: 63/115 MP: 10/10
  1059 | D        | Noticed Harold
  1067 | D        | Killed Harold
  1142 | D        | Noticed an orc knight
  1162 | D        | Killed an orc knight
  1187 | D        | Noticed an orc knight
  1206 | D        | Killed an orc knight
  1277 | D        | Noticed an orc knight
  1285 | D        | Noticed an orc knight
  1302 | D        | Killed an orc knight
  1303 | D        | Reached skill level 23 in Polearms
  1313 | D        | Killed an orc knight
  1563 | D        | Found Zuvonifi's Book Emporium.
  1563 | D        | Noticed an orc knight
  1575 | D        | Noticed an orc knight
  1581 | D        | Killed an orc knight
  1603 | D        | Killed an orc knight
  1627 | D        | Found Bipy's Armour Shoppe.
  1792 | D        | Found Mong's General Store.
  1796 | D        | Found Lyes's Weapon Shoppe.
  1798 | D        | Noticed an orc knight
  1799 | D        | Noticed an orc knight
  1819 | D        | Noticed an orc knight
  1823 | D        | Noticed an orc knight
  1826 | D        | Killed an orc knight
  1827 | D        | Reached skill level 24 in Polearms
  1849 | D        | Killed an orc knight
  1856 | D        | Killed an orc knight
  1859 | D        | Mangled by an orc knight

Illustrated notes

Levels and vault maps discovered:
D:        linesprint [early_d, line_temple, items_1, d_10, items_2, lair_1,
          lair_end, items_3, orc_1, orc_end, items_4, d_15, swamp_1, shoals_1,
          snake_1, spider_1, d_20, vaults_1, items_5, swamp_end, shoals_end,
          snake_end, spider_end, vaults_end, d_27, items_6, zot_1, zot_end,
          crypt_end, forest_end, elf_end, slime_end, tomb_end, abyss_end,
          pan_hell_end]

Skill      XL: |  1  2  3  4  5  6  7  8  9 10 11 |
---------------+----------------------------------+-----
Polearms       | 7 9 11 13 16 17 19 22 24 | 24.4
Fighting       | 6 7 8 9 12 13 14 16 18 | 18.2
Armour         | 6 7 8 9 12 13 14 16 18 | 18.2
Shields        | |  3.6

Action                     |  1- 3 |  4- 6 |  7- 9 | 10-12 || total
---------------------------+-------+-------+-------+-------++-------
  Melee: Trident           |    14 |    15 |       |       ||    29
         Headbutt          |     2 |     7 |    19 |    52 ||    80
         Halberd           |       |    18 |    88 |   260 ||   366
    Use: Potion            |     1 |       |       |    11 ||    12
         Scroll            |       |       |       |     1 ||     1
   Stab: Distracted        |       |       |       |     3 ||     3
 Armour: Scale mail        |    13 |     5 |       |       ||    18
         Chain mail        |       |    25 |     9 |       ||    34
         Plate armour      |       |       |    30 |   120 ||   150
  Dodge: Dodged            |     4 |    14 |    20 |    46 ||    84
  Block: Buckler           |     3 |     1 |       |       ||     4
